 Dungeon Crawl Stone Soup version 0.20.1-1-g8b1a95d (webtiles) character file.

590 Folque the Magician (level 7, -3/45 HPs)
             Began as an Octopode Wizard on Nov 22, 2017.
             Was an Initiate of Sif Muna.
             Shot with an arrow by a centaur (14 damage)
             ... on level 5 of the Dungeon.
             The game lasted 00:15:37 (5093 turns).

Folque the Magician (Octopode Wizard)               Turns: 5093, Time: 00:15:38

Health: -3/45      AC:  1    Str:  7    XL:     7   Next: 39%
Magic:  14/14      EV: 13    Int: 22    God:    Sif Muna [......]
Gold:   316        SH:  0    Dex: 10    Spells: 7/15 levels left

rFire    . . .     SeeInvis .   k - +1 hand axe (freeze)
rCold    . . .     Gourm    .   (no shield)
rNeg     . . .     Faith    .   a - +0 hat
rPois    .         Spirit   .   m - amulet of magic regeneration
rElec    .         Reflect  .   (no ring)
rCorr    .         Harm     .   (no ring)
MR       .....                  (no ring)
Stlth    +++.......             (no ring)
Regen    0.2/turn               (no ring)
MPRegen  0.3/turn               (no ring)
                                (no ring)
                                (no ring)

@: no status effects
A: almost no armour, stealthy swim, amphibious, 8 rings, constrict 8, camouflage
1, gelatinous body 1
a: Renounce Religion


You were on level 5 of the Dungeon.
You worshipped Sif Muna.
Sif Muna was noncommittal.
You were not hungry.

You visited 2 branches of the dungeon, and saw 6 of its levels.

You collected 316 gold pieces.

Inventory:

Hand Weapons
 d - a +0 dagger
 k - a +1 hand axe of freezing (weapon)
Missiles
 C - 2 throwing nets (quivered)
Armour
 a - a +0 hat (worn)
Jewellery
 m - an amulet of magic regeneration (around mantle)
 x - a +2 ring of intelligence {unknown}
 A - an uncursed amulet of harm {unknown}
 E - an uncursed ring of wizardry {unknown}
Wands
 v - a wand of lightning (8/15)
 y - a wand of scattershot (3/9)
 G - a wand of random effects (27/48)
Scrolls
 g - 6 scrolls of remove curse
 h - a scroll of fog {unknown}
 l - 2 scrolls of teleportation {unknown}
 q - 4 scrolls of identify
 u - a scroll of magic mapping {unknown}
 w - 2 scrolls of fear {unknown}
 B - 2 scrolls of noise {unknown}
 D - 2 scrolls of enchant weapon {unknown}
 F - a scroll of random uselessness {unknown}
Potions
 e - a potion of might {unknown}
 f - a potion of brilliance {unknown}
 j - 2 potions of curing {unknown}
 n - a potion of cancellation {unknown}
 o - 3 potions of flight
 p - 2 potions of haste
 r - 3 potions of heal wounds
 s - a potion of mutation {unknown}
 t - a potion of degeneration {unknown}
 z - a potion of agility {unknown}
Books
 b - a book of Minor Magic

   Spells                             Type                      Level
   a - Magic Dart                     Conjuration                  1
   b - Blink                          Translocation                2
   c - Call Imp                       Summoning                    2
   d - Slow                           Hexes                        2
   e - Conjure Flame                  Conjuration/Fire             3
   f - Mephitic Cloud                 Conjuration/Poison/Air       3
Comestibles
 c - 5 bread rations
 i - a royal jelly
 H - 2 chunks of flesh


   Skills:
 - Level 2.0 Fighting
 - Level 2.0 Dodging
 - Level 2.6 Stealth
 + Level 4.8 Spellcasting
 + Level 3.6 Conjurations
 * Level 3.8 Summonings
 - Level 1.0 Translocations
 - Level 3.1 Poison Magic


You had 7 spell levels left.
You knew the following spells:

 Your Spells              Type           Power        Failure   Level  Hunger
a - Magic Dart            Conj           ###.         2%          1    None
b - Call Imp              Summ           ###.....     3%          2    None
c - Blink                 Tloc           N/A          11%         2    None
d - Mephitic Cloud        Conj/Pois/Air  ###.....     12%         3    ##.....


Dungeon Overview and Level Annotations

Branches:
Dungeon (5/15)             Temple (1/1) D:5

Altars:
Ashenzari
Cheibriados
Dithmenos
Elyvilon
Fedhas
Gozag
Hepliaklqana
Kikubaaqudgha
Makhleb
Nemelex Xobeh
Okawaru
Qazlal
Ru
Sif Muna
Trog
Uskayaw
Vehumet
Xom
Yredelemnul
Zin
The Shining One


Innate Abilities, Weirdness & Mutations

You cannot wear most types of armour.
You are very stealthy in the water. (Stealth+)
You are amphibious.
You can wear up to eight rings at the same time.
You can use your tentacles to constrict eight enemies at once.
Your skin changes colour to match your surroundings (Stealth+).
Your rubbery body absorbs attacks. (AC +1, EV +1)


Message History

You hit the shadow imp.
You kill the shadow imp!
Sif Muna accepts your kill.
You start resting.
Your magical contamination has completely faded away.
There is an open door here.
You start resting.
What are your orders? t - Shout!
Orders for allies: a - Attack new target. r - Retreat! s - Stop attacking. g - Guard the area. f - Follow me.
Anything else - Cancel.
Gang up on whom?
Press: ? - help, Dir - move target cursor, f - centaur
Aim: a centaur (heavily wounded) Attack!
The centaur wields a shortbow.
The centaur shoots an arrow.
The arrow barely misses your crimson imp.
The arrow hits you!
You die...

#.#....# ............ .
#.#....# #+######....# ..
##.#....#####.######....# ...
..................'.....
....##..........#.######.....
>c.c............'...>........
.......5.###....#.######.....
#...# #...##......#.....
#<..###@..##......####..
##..c5'...''......# #..
######...##......# ##..
############# #... #... #...
#..( #### #######


You could see a centaur and a friendly crimson imp.

Vanquished Creatures
  An ogre (D:5)
  A bullfrog (D:5)
  2 scorpions (D:4)
  A crimson imp (D:5)
  3 hounds
  An orc priest (D:3)
  An iguana (D:5)
  A howler monkey zombie (D:5)
  A howler monkey skeleton (D:4)
  3 adders
  A shadow imp (D:5)
  2 oozes (D:1)
  2 dart slugs
  2 leopard geckos
  8 orcs
  9 bats
  3 giant cockroaches
  11 goblins
  9 hobgoblins
  4 jackals
  2 quokkas
  5 frilled lizards
  9 kobolds
  8 rats
  3 fungi (D:4)
93 creatures vanquished.

Vanquished Creatures (collateral kills)
  4 adders
  2 worms
  2 jackals (D:1)
  2 bats (D:4)
  A frilled lizard (D:3)
  2 fungi (D:4)
13 creatures vanquished.

Vanquished Creatures (others)
  4 fungi (D:4)
4 creatures vanquished.

Grand Total: 110 creatures vanquished

Notes
Turn   | Place    | Note
-------+----------+-------------------------------------------
     0 | D:1      | Folque the Octopode Wizard began the quest for the Orb.
     0 | D:1      | Reached XP level 1. HP: 11/11 MP: 4/4
    27 | D:1      | Reached skill level 1 in Fighting
    71 | D:1      | Reached XP level 2. HP: 4/18 MP: 6/6
    85 | D:1      | Learned a level 2 spell: Call Imp
    88 | D:1      | Learned a level 2 spell: Blink
   821 | D:1      | Reached XP level 3. HP: 11/24 MP: 5/7
   826 | D:1      | Learned a level 3 spell: Mephitic Cloud
  1294 | D:1      | Reached skill level 1 in Poison Magic
  1817 | D:2      | Found a sacrificial altar of Ru.
  2026 | D:2      | Reached XP level 4. HP: 29/29 MP: 9/9
  2226 | D:2      | Found an opulent altar of Gozag.
  2621 | D:3      | Found a blossoming altar of Fedhas.
  2622 | D:3      | Found an ancient bone altar of Kikubaaqudgha.
  2916 | D:3      | Reached XP level 5. HP: 9/34 MP: 6/10
  3568 | D:4      | Reached skill level 4 in Spellcasting
  3584 | D:4      | Reached XP level 6. HP: 26/39 MP: 12/12
  4450 | D:5      | Entered Level 5 of the Dungeon
  4537 | D:5      | Found a staircase to the Ecumenical Temple.
  4572 | Temple   | Entered the Ecumenical Temple
  4632 | Temple   | Became a worshipper of Sif Muna the Loreminder
  4818 | D:5      | Reached XP level 7. HP: 11/45 MP: 6/13
  5093 | D:5      | Shot with an arrow by a centaur

Skill      XL: |  1  2  3  4  5  6 |
---------------+-------------------+-----
Fighting       | 1 2 |  2.0
Poison Magic   | 1 3 |  3.1
Conjurations   | 2 3 |  3.6
Spellcasting   | 4 |  4.8
Summonings     | 3 |  3.8
Dodging        | |  2.0
Stealth        | |  2.6
Translocations | |  1.0

Action                   |  1- 3 |  4- 6 |  7- 9 || total
-------------------------+-------+-------+-------++-------
Melee: Unarmed           |    11 |       |       ||    11
       Dagger            |    64 |       |       ||    64
       Constrict         |    25 |    41 |     3 ||    69
       Tentacles         |    14 |    33 |     3 ||    50
       Hand axe          |    22 |   193 |    12 ||   227
 Cast: Magic Dart        |    10 |     5 |     2 ||    17
       Call Imp          |     6 |     9 |     3 ||    18
       Mephitic Cloud    |       |     8 |     1 ||     9
       Blink             |       |     1 |       ||     1
  Use: Scroll            |     7 |       |       ||     7
 Stab: Sleeping          |     6 |     8 |     1 ||    15
       Confused          |       |     2 |       ||     2
  Eat: Chunk             |     3 |    10 |     1 ||    14
Armor: Skin              |    17 |    11 |     1 ||    29
Dodge: Dodged            |    78 |    71 |     3 ||   152
